 Dungeon Crawl Stone Soup version 0.18.1-8-gdd0e5ea (webtiles) character file.

104 streak324 the Conjurer (level 4, -1/24 HPs)
             Began as a Deep Elf Conjurer on May 23, 2016.
             Slain by an iguana (11 damage)
             ... on level 4 of the Dungeon.
             The game lasted 00:05:36 (2443 turns).

streak324 the Conjurer (Deep Elf Conjurer)          Turns: 2443, Time: 00:05:37

Health: -1/24      AC:  2    Str:  9    XL:     4   Next: 52%
Magic:  11/12      EV: 13    Int: 21    God:
Gold:   130        SH:  0    Dex: 15    Spells: 2 memorised, 7 levels left

rFire  . . .     SeeInvis .     i - +0 short sword
rCold  . . .     Gourm    .     a - +0 robe
rNeg   . . .     Faith    .     (no shield)
rPois  .         Spirit   .     (no helmet)
rElec  .         Dismiss  .     (no cloak)
rCorr  .         Reflect  .     (no gloves)
SustAt +         Harm     .     (no boots)
MR     .....                    (no amulet)
Stlth  ++........               p - +4 ring of strength
                                o - ring of sustain attributes

@: not resistant to hostile enchantments, unstealthy
A: no striking features
a: no special abilities


You were on level 4 of the Dungeon.
You were not hungry.

You visited 1 branch of the dungeon, and saw 4 of its levels.

You collected 130 gold pieces.

Inventory:

Hand Weapons
 i - a +0 short sword (weapon)
Armour
 a - a +0 robe (worn)
Jewellery
 o - a ring of sustain attributes (left hand)
 p - a +4 ring of strength (right hand)
Scrolls
 f - a scroll of recharging {unknown}
 g - 2 scrolls of remove curse
 j - a scroll of random uselessness {unknown}
 k - a scroll of fear {unknown}
 l - a scroll of fog
 m - 2 scrolls of noise
 q - a scroll of identify {unknown}
 s - a scroll of teleportation {unknown}
Potions
 d - a potion of resistance {unknown}
 e - 2 potions of curing {unknown}
 h - a potion of brilliance {unknown}
 r - 2 potions of flight {unknown}
 t - a potion of berserk rage {unknown}
Books
 b - a book of Conjurations

   Spells                             Type                      Level
   a - Magic Dart                     Conjuration                  1
   b - Searing Ray                    Conjuration                  2
   c - Dazzling Spray                 Conjuration/Hexes            3
   d - Fulminant Prism                Conjuration/Hexes            4
   e - Iskenderun's Mystic Blast      Conjuration                  4
   f - Iskenderun's Battlesphere      Conjuration/Charms           5
Comestibles
 c - 2 bread rations
 n - a meat ration


   Skills:
 + Level 2.6 Dodging
 + Level 2.8 Stealth
 + Level 4.3 Spellcasting
 + Level 5.7 Conjurations


You had 7 spell levels left.
You knew the following spells:

 Your Spells              Type           Power        Failure   Level  Hunger
a - Magic Dart            Conj           ####         1%          1    None
b - Dazzling Spray        Conj/Hex       ###.....     14%         3    ##.....


Dungeon Overview and Level Annotations

Branches:
Dungeon (4/15)
 Temple: D:4-7

Altars:
Okawaru


Message History

Aiming: Magic Dart
Press: ? - help, Shift-Dir - straight line, f - iguana
Aim: an iguana The magic dart hits the iguana.
The iguana bites you!
Ouch! That really hurt!
Casting: Magic Dart
Confirm with . or Enter, or press ? or * to list all spells.
Aiming: Magic Dart
Press: ? - help, Shift-Dir - straight line, f/p - iguana
Aim: an iguana The magic dart hits the iguana.
The iguana is lightly wounded.
The iguana closely misses you.
As you read the scroll of fog, it crumbles to dust.
The scroll dissolves into smoke.
The iguana closely misses you. The iguana bites you.
The iguana barely misses you. The iguana misses you. The iguana bites you!
You die...

######... ##..#...
###.....# ..###......##
.......§.§..#
..##..§§§..##
##..§§§...# #...l.....#
##....@....##
#...........#
#...........# #########
#...........#
........####..........#
.......<.# #..........#
.........# ##.........#
..........# ##........#
..........# #........#


You could see an iguana.

Vanquished Creatures
  4 gnolls (D:2)
  2 worms (D:2)
  A dart slug (D:1)
  3 giant geckos (D:1)
  3 orcs (D:3)
  4 giant cockroaches
  6 goblins
  6 hobgoblins
  6 bats
  A giant newt (D:3)
  8 kobolds
  6 rats
50 creatures vanquished.

Notes
Turn   | Place    | Note
--------------------------------------------------------------
     0 | D:1      | streak324 the Deep Elf Conjurer began the quest for the Orb.
     0 | D:1      | Reached XP level 1. HP: 10/10 MP: 6/6
   189 | D:1      | Reached XP level 2. HP: 15/15 MP: 6/8
   270 | D:1      | Reached skill level 5 in Conjurations
  1037 | D:2      | Reached XP level 3. HP: 19/19 MP: 5/10
  1043 | D:2      | Learned a level 3 spell: Dazzling Spray
  1106 | D:2      | Reached XP level 4. HP: 23/24 MP: 1/12
  1318 | D:2      | Found an iron altar of Okawaru.
  2443 | D:4      | Slain by an iguana

Skill      XL: |  1  2  3 |
---------------+----------+-----
Conjurations   | 5 |  5.7
Spellcasting   | 4 |  4.3
Dodging        | |  2.6
Stealth        | |  2.8

Action                   |  1- 3 |  4- 6 || total
-------------------------+-------+-------++-------
 Cast: Magic Dart        |    55 |    66 ||   121
  Use: Scroll            |       |     4 ||     4
  Eat: Meat ration       |       |     1 ||     1
Dodge: Dodged            |     5 |    17 ||    22
